 Dungeon Crawl Stone Soup version 0.29.1-15-g9cfb28693d (webtiles) character file.

Game seed: 11145888305436850019

53 hawla the Chiller (level 4, 0/34 HPs)
             Began as a Meteoran Ice Elementalist on Mar 22, 2023.
             Slain by an adder (2 damage)
             ... on level 2 of the Dungeon on Mar 24, 2023.
             The game lasted 00:03:38 (365 turns).

hawla the Chiller (Meteoran Ice Elementalist)        Turns: 365, Time: 00:03:39

Health: 0/34       AC:  2    Str: 10    XL:     4   Next: 31%
Magic:  10/10      EV: 12    Int: 18    God:
Gold:   12         SH:  0    Dex: 14    Spells: 6/10 levels left

rFire   . . .      SeeInvis .   c - +0 long sword
rCold   . . .      Faith    .   (no shield)
rNeg    . . .      Spirit   .   a - +0 robe
rPois   .          Reflect  .   (no helmet)
rElec   .          Harm     .   (no cloak)
rCorr   .          Rampage  .   (no gloves)
Will    .....                   (no boots)
Stlth   +.........              (no amulet)
HPRegen 0.11/turn               (no ring)
MPRegen 0.12/turn               (no ring)

@: lethally poisoned (0 -> -7), glowing
A: sense surroundings 1, otherworldly, glowing, explore regen
a: no special abilities


You were on level 2 of the Dungeon.
You visited 1 branch of the dungeon, and saw 2 of its levels.

You collected 12 gold pieces.

Inventory:

Hand Weapons
 c - a +0 long sword (weapon)
Armour
 a - a +0 robe (worn)
Wands
 e - a wand of roots (4)
Scrolls
 d - a scroll of identify {unknown}


   Skills:
 + Level 0.4 Fighting
 + Level 1.0 Long Blades
 + Level 2.8 Dodging
 - Level 1.4 Stealth
 + Level 3.6 Spellcasting
 + Level 5.0 Ice Magic


You had 6 spell levels left.
You knew the following spells:

 Your Spells              Type           Power      Damage    Failure   Level
a - Freeze                Ice            84%        1d10      1%          1
b - Frozen Ramparts       Ice            42%        1d7       6%          3

Your spell library contained the following spells:

 Spells                   Type           Power      Damage    Failure   Level
 Ozocubu's Armour         Ice            21%        N/A       6%          3
 Dazzling Flash           Conj/Hex       6%         N/A       43%         3
 Hailstorm                Conj/Ice       12%        3d5       47%         4
 Iskenderun's Mystic Bla  Conj/Tloc      3%         2d3       83%         4
 Starburst                Conj/Fire      1%         6d3       100%        6


Dungeon Overview and Level Annotations

Branches:
Dungeon (2/15) Zot: 826

Altars:


Innate Abilities, Weirdness & Mutations

You passively map a small area around you.
You are easily found by Zot.
You glow in the dark.
You regain HP and MP as you explore.


Message History

Cast which spell? (? or * to list)
You can't see any susceptible monsters within range! (Use Z to cast anyway.)
You are too injured to fight recklessly!
Cast which spell? (? or * to list)
Aiming: Freeze (safe; 1% risk of failure)
Press: ? - help, Shift-Dir - straight line, f - adder
Aim: an adder You freeze the adder.
The adder is heavily wounded.
The adder closely misses you.
Casting: Freeze (safe; 1% risk of failure)
Confirm with . or Enter, or press ? or * to list all spells.
Aiming: Freeze (safe; 1% risk of failure)
Press: ? - help, Shift-Dir - straight line, f/p - adder
Aim: an adder (heavily wounded)
You freeze the adder.
The adder is heavily wounded.
The adder seems to slow down.
The adder is no longer moving slowly.
The adder bites you. x2
You are poisoned.
The adder poisons you!
Casting: Freeze (safe; 1% risk of failure)
Confirm with . or Enter, or press ? or * to list all spells.
Aiming: Freeze (safe; 1% risk of failure)
Press: ? - help, Shift-Dir - straight line, f/p - adder
Aim: an adder (heavily wounded)
You freeze the adder.
The adder is severely wounded.
The adder seems to slow down.
You feel sick. The adder bites you.
* * * LOW HITPOINT WARNING * * *
The adder bites you.
* * * LOW HITPOINT WARNING * * *
You are lethally poisoned!
The adder poisons you! The adder bites you.
* * * LOW HITPOINT WARNING * * *
Magic courses through your body.
* * * LOW HITPOINT WARNING * * *
You feel sick.
The adder is no longer moving slowly.
The adder closely misses you. The adder bites you.
You die...

* 8 ,
#)#........##...#
.. *
#.#######.......#
...####'#####
#.####....
............# #.#
*#.## * ,
#####.......# #+#
#.......# ,
#.......# *
#..SS...# ,
#..@....#
#..$....# ,
#.......# ,
#.......# , *
#.......#
#.......#
#.#+##+## * , *#.
, .. , * , ,


You could see 2 adders.

Vanquished Creatures
  Terence (D:2)
  2 dart slugs (D:1)
  2 bats (D:2)
  4 endoplasms
  3 giant cockroaches (D:1)
  A hobgoblin (D:1)
  2 jackals (D:1)
  2 quokkas (D:2)
  A ball python (D:1)
  A frilled lizard (D:1)
  A goblin (D:2)
  A kobold (D:2)
  A rat (D:1)
22 creatures vanquished.

Notes
Turn   | Place    | Note
-------+----------+-------------------------------------------
     0 | D:1      | hawla the Meteoran Ice Elementalist began the quest for the
                  | Orb.
     0 | D:1      | Reached XP level 1. HP: 14/14 MP: 5/5
    42 | D:1      | Reached XP level 2. HP: 8/20 MP: 0/6
   185 | D:1      | Reached XP level 3. HP: 23/26 MP: 8/8
   318 | D:2      | Noticed Terence
   329 | D:2      | Killed Terence
   330 | D:2      | Reached skill level 1 in Long Blades
   330 | D:2      | Reached skill level 5 in Ice Magic
   330 | D:2      | Reached XP level 4. HP: 6/34 MP: 2/10
   334 | D:2      | Learned a level 3 spell: Frozen Ramparts
   365 | D:2      | Slain by an adder

Illustrated notes

Levels and vault maps discovered:
D:1:      ncdulo_halloftheorcs, layout_loops_ring, ebering_ecumenical_altar_hall
D:2:      layout_basic, grunt_ministairs_9, nicolae_figureground_pulse,
          uniq_crazy_yiuf_cottage, uniq_terence

Skill      XL: |  1  2  3 |
---------------+----------+-----
Spellcasting   | 3 |  3.6
Long Blades    | 1 |  1.0
Ice Magic      | 5 |  5.0
Fighting       | |  0.4
Dodging        | |  2.8
Stealth        | |  1.4

Action                   |  1- 3 |  4- 6 || total
-------------------------+-------+-------++-------
Melee: Long sword        |    21 |       ||    21
 Cast: Freeze            |    30 |     3 ||    33
       Frozen Ramparts   |       |     1 ||     1
  Use: Potion            |       |     1 ||     1
 Stab: Sleeping          |     1 |       ||     1
Armor: Robe              |    14 |       ||    14
Dodge: Dodged            |    22 |     2 ||    24
